 Dungeon Crawl Stone Soup version 0.29-a0-870-g2c972031a6 (webtiles) character file.

Game seed: 9026433843823097681

1383 kevlar127 the Ruffian (level 8, -5/84 HPs)
             Began as a Troll Berserker on July 17, 2022.
             Was a Priest of Trog.
             Slain by a +2 long sword of chaos (7 damage)
             ... on level 6 of the Dungeon.
             The game lasted 00:07:17 (4596 turns).

kevlar127 the Ruffian (Troll Berserker)             Turns: 4596, Time: 00:07:18

Health: -5/84      AC:  4    Str: 28    XL:     8   Next: 40%
Magic:  7/7        EV: 14    Int:  3    God:    Trog [***...]
Gold:   277        SH:  0    Dex:  9    Spells: 7/7 levels left

rFire   . . .      SeeInvis .     - Unarmed
rCold   . . .      Faith    .   (no shield)
rNeg    . . .      Spirit   .   a - +0 animal skin
rPois   +          Reflect  .   (helmet restricted)
rElec   .          Harm     .   (no cloak)
rCorr   .          Rampage  .   (gloves unavailable)
Will    .....                   (boots unavailable)
Stlth   +.........              (no amulet)
HPRegen 1.04/turn               p - ring of poison resistance
MPRegen 0.10/turn               q - +4 ring of evasion

@: on berserk cooldown, slowed, very slow
A: large, unfitting armour, claws 3, regeneration 1, shaggy fur 1, tough skin 1
a: Renounce Religion, Berserk, Trog's Hand


You were on level 6 of the Dungeon.
You worshipped Trog.
Trog was most pleased with you.
You visited 1 branch of the dungeon, and saw 6 of its levels.

You collected 277 gold pieces.

Inventory:

Missiles
 f - 75 stones (quivered)
 i - 4 boomerangs
 o - 8 atropa-tipped darts
 r - 9 poisoned darts
 u - a throwing net
Armour
 a - a +0 animal skin (worn)
Jewellery
 p - a ring of poison resistance (left claw)
 q - a +4 ring of evasion (right claw)
Wands
 l - a wand of paralysis (9)
 m - a wand of roots (9)
Scrolls
 b - 3 scrolls of identify {unknown}
 d - 4 scrolls of teleportation {unknown}
 e - 2 scrolls of enchant weapon {unknown}
 h - 2 scrolls of fear {unknown}
 j - a scroll of amnesia {unknown}
 k - a scroll of enchant armour {unknown}
 s - a scroll of vulnerability {unknown}
 t - a scroll of blinking {unknown}
Potions
 c - a potion of heal wounds {unknown}
 g - 2 potions of curing {unknown}
 n - a potion of brilliance {unknown}


   Skills:
 + Level 6.3 Fighting
 + Level 1.8 Throwing
 - Level 3.0 Dodging
 + Level 7.6 Unarmed Combat


You had 7 spell levels left.
You didn't know any spells.
Your spell library was empty.

Dungeon Overview and Level Annotations

Branches:
Dungeon (6/15)             Temple (0/1) D:6

Altars:
Ashenzari
Dithmenos
Elyvilon
Trog
Xom
Yredelemnul

Annotations:
D:6 kkgakdfjhgaksdf's ghost, novice DgIE


Innate Abilities, Weirdness & Mutations

You are too large for most types of armour.
You have claws for hands.
Your natural rate of healing is unusually fast.
You are covered in fur. (AC +1)
You have tough skin. (AC +1)


Message History

The +2 long sword of chaos freezes you.
The +2 long sword of chaos closely misses you.
You closely miss the +2 long sword of chaos.
The +2 long sword of chaos hits you. Space warps horribly around you!!
A red film seems to cover your vision as you go berserk!
You feel yourself moving faster!
You feel mighty!
The +2 long sword of chaos barely misses you.
The +2 long sword of chaos hits you!! The +2 long sword of chaos freezes you!
You miss the +2 long sword of chaos. The +2 long sword of chaos hits you!!
* * * LOW HITPOINT WARNING * * *
Unknown command.
You scratch the +2 long sword of chaos.
The +2 long sword of chaos is lightly damaged.
You closely miss the +2 long sword of chaos.
The +2 long sword of chaos is lightly damaged.
The +2 long sword of chaos hits you!
* * * LOW HITPOINT WARNING * * *
You blink.
There are monsters nearby!
There are monsters nearby!
There are monsters nearby!
There are monsters nearby!
There are monsters nearby!
There are monsters nearby!
There are monsters nearby!
There are monsters nearby!
Unknown command.
You feel a strong urge to attack something.
You feel your anger nearly subside.
You are no longer berserk.
You are exhausted.
You feel yourself slow down.
The +2 long sword of chaos attacks as you move away!
The +2 long sword of chaos closely misses you.
The +2 long sword of chaos hits you!
* * * LOW HITPOINT WARNING * * *
The +2 long sword of chaos burns you.
* * * LOW HITPOINT WARNING * * *
The +2 long sword of chaos attacks as you move away!
The +2 long sword of chaos hits you!
You die...

####.#####...#
...........#.#
####..####...##
..............####
.####.#..........#
.#......#.#.#.##.#
.#.##.###.#.#.##.#
.#.##.# #.#.#.##<#
..)...# #.....##@#
....### #......#(#
....# ##.....#.#
....#
##.#..#.######
..###
##....W......# #.#
#.....#.####.# #.#
##...W.#.# #.#
#.#######.##'###.#
#.#
..........#._$##.#
#.#


You could see a +2 long sword of chaos and kkgakdfjhgaksdf's ghost.

Vanquished Creatures
  Grinder (D:4)
  A black bear (D:6)
  An ice beast (D:6)
  A centaur (D:6)
  An ogre (D:6)
  A phantom (D:4)
  A kobold brigand (D:6)
  A bullfrog (D:6)
  A necrophage (D:6)
  2 scorpions
  A howler monkey (D:6)
  A gnoll bouda (D:6)
  A jelly (D:4)
  Jessica (D:2)
  An orc wizard (D:6)
  3 iguanas
  Robin (D:4)
  3 adders
  4 gnolls (D:6)
  2 white imps (D:6)
  3 ufetubi
  2 adder zombies (D:3)
  5 worms
  A dart slug (D:2)
  7 orcs
  11 endoplasms
  A giant cockroach (D:1)
  15 goblins
  8 hobgoblins
  3 jackals
  13 kobolds
  2 quokkas
  3 ball pythons
  A ball python zombie (D:3)
  5 bats
  3 frilled lizards
  A quokka zombie (D:3)
  2 rats (D:3)
115 creatures vanquished.

Notes
Turn   | Place    | Note
-------+----------+-------------------------------------------
     0 | D:1      | kevlar127 the Troll Berserker began the quest for the Orb.
     0 | D:1      | Reached XP level 1. HP: 22/22 MP: 0/0
   127 | D:1      | Found a faded altar of an unknown god.
   191 | D:1      | Reached XP level 2. HP: 26/29 MP: 1/1
   824 | D:2      | Noticed Jessica
   828 | D:2      | Killed Jessica
   829 | D:2      | Reached XP level 3. HP: 36/36 MP: 2/2
   979 | D:2      | Reached ** piety under Trog
  1943 | D:3      | Reached XP level 4. HP: 45/45 MP: 3/3
  1957 | D:3      | Found a basalt altar of Yredelemnul.
  2065 | D:3      | Reached skill level 4 in Unarmed Combat
  2225 | D:3      | Found a broken altar of Ashenzari.
  2225 | D:3      | Found a faded altar of an unknown god.
  2234 | D:3      | Found a faded altar of an unknown god.
  2236 | D:3      | Found a bloodstained altar of Trog.
  2238 | D:3      | Found a white marble altar of Elyvilon.
  2537 | D:4      | Noticed Grinder
  2551 | D:4      | Killed Grinder
  2552 | D:4      | Reached skill level 5 in Unarmed Combat
  2552 | D:4      | Reached XP level 5. HP: 24/54 MP: 4/4
  2552 | D:4      | Reached XP level 6. HP: 28/62 MP: 5/5
  2616 | D:4      | Found a shadowy altar of Dithmenos.
  2694 | D:4      | Noticed Robin
  2723 | D:4      | Killed Robin
  3194 | D:4      | Reached *** piety under Trog
  3197 | D:4      | Reached XP level 7. HP: 71/71 MP: 6/6
  3326 | D:5      | Entered Level 5 of the Dungeon
  3326 | D:5      | You fall into a shaft and drop 1 floor!
  3370 | D:6      | Reached skill level 5 in Fighting
  3370 | D:6      | Reached skill level 6 in Unarmed Combat
  3505 | D:6      | Reached skill level 7 in Unarmed Combat
  3637 | D:6      | Reached XP level 8. HP: 27/83 MP: 7/7
  3923 | D:6      | Found a runed translucent door.
  3923 | D:6      | Found a shimmering altar of Xom.
  3923 | D:6      | Noticed kkgakdfjhgaksdf's ghost (novice DgIE)
  3923 | D:6      | Noticed a +2 long sword of chaos
  4020 | D:6      | Reached skill level 1 in Throwing
  4061 | D:6      | Found a staircase to the Ecumenical Temple.
  4356 | D:6      | Reached **** piety under Trog
  4595 | D:6      | HP: 4/84 [+2 long sword of chaos (8)]
  4596 | D:6      | Slain by a +2 long sword of chaos

Illustrated notes

Levels and vault maps discovered:
D:1:      nagdon_arrival_zigzag_paths, layout_basic,
          hellmonk_ecumenical_altar_arch_garden
D:2:      mumra_celtic_spiral_tile, layout_basic, uniq_jessica
D:3:      layout_basic, chequers_temple_overflow_minitemple,
          nicolae_yredelemnul_corpse_copse, amcnicky_mini_rare_corridor_liquid,
          minmay_increasing_density
D:4:      layout_basic, grunt_dithmenos_smoke, serial_curves, eino_curves_02,
          eino_curves_03, eino_curves_03, due_unseen_surprise, uniq_grinder,
          uniq_robin
D:5:      layout_gridville, cheibrodos_worm_habitat,
          mainiacjoe_overflow_chevrons
D:6:      layout_loops_ring, temple_green, ebering_ghost_xom

Skill      XL: |  1  2  3  4  5  6  7  8 |
---------------+-------------------------+-----
Fighting       | 3 4 5 6 |  6.3
Dodging        | 3 |  3.0
Unarmed Combat | 5 7 |  7.6
Throwing       | 1 |  1.8

Action                   |  1- 3 |  4- 6 |  7- 9 || total
-------------------------+-------+-------+-------++-------
Melee: Unarmed           |    92 |   111 |   118 ||   321
       Punch             |     1 |     6 |     5 ||    12
Invok: Berserk           |       |     1 |     1 ||     2
       Trog's Hand       |       |     1 |       ||     1
 Stab: Sleeping          |       |     2 |     1 ||     3
Armor: Animal skin       |    22 |    44 |    31 ||    97
Dodge: Dodged            |    47 |    67 |    64 ||   178

Table legend: (Time is in decaauts)
 A = Elapsed time spent in this place.
 B = Non-inter-level travel time spent in this place.
 C = Inter-level travel time spent in this place.
 D = Time resting spent in this place.
 E = Time spent auto-exploring this place.
 F = Levels seen in this place.
 G = Mean time per level.
                   A        B        C        D        E       F      G
               +--------+--------+--------+--------+--------+-----+--------+
         Total |   4569 |   4449 |    120 |    420 |   3397 |   6 |  761.5 |
       Dungeon |   4569 |   4449 |    120 |    420 |   3397 |   6 |  761.5 |
               +--------+--------+--------+--------+--------+-----+--------+

Top non-repeatable levels by time:
     D:2: 1298 daAuts
     D:6: 1253 daAuts
     D:4: 788 daAuts
     D:3: 676 daAuts
     D:1: 553 daAuts
